 Dungeon Crawl Stone Soup version 0.30-a0-347-gf58ed5266c (webtiles) character file.

Game seed: 15874892507042369093

39 p00ps00p the Trooper (level 3, 0/32 (33) HPs)
             Began as a Hill Orc Fighter on Nov 6, 2022.
             Succumbed to Crazy Yiuf's poison
             ... on level 2 of the Dungeon.
             The game lasted 00:02:00 (1396 turns).

p00ps00p the Trooper (Hill Orc Fighter)             Turns: 1396, Time: 00:02:01

HP:   0/32 (33)     AC: 10    Str: 20    XL:     3   Next: 45%
MP:   3/3           EV:  9    Int:  8    God:
Gold: 77            SH:  5    Dex: 16    Spells: 2/2 levels left

rFire   . . .      SeeInvis .    a - +0 war axe
rCold   . . .      Faith    .    c - +0 buckler
rNeg    + . .      Spirit   .    b - +0 scale mail
rPois   .          Reflect  .    (no helmet)
rElec   .          Harm     .    (no cloak)
rCorr   .          Rampage  .    (no gloves)
Will    .....                    w - +2 pair of boots
Stlth   ..........               j - amulet of magic regeneration
HPRegen 0.25/turn                e - +6 ring of dexterity
MPRegen 0.48/turn                l - ring of positive energy

@: mighty, lethally poisoned (0 -> -14), slowed, lightly drained, very slow
A: no striking features
a: no special abilities


You were on level 2 of the Dungeon.
You visited 1 branch of the dungeon, and saw 2 of its levels.

You collected 77 gold pieces.

Inventory:

Hand Weapons
 a - a +0 war axe (weapon)
Armour
 b - a +0 scale mail (worn)
 c - a +0 buckler (worn)
 w - a +2 pair of boots (worn)
Jewellery
 e - a +6 ring of dexterity (left hand)
 j - an amulet of magic regeneration (around neck)
 k - a ring of wizardry
 l - a ring of positive energy (right hand)
Wands
 v - a wand of paralysis (7)
Scrolls
 f - 2 scrolls of amnesia {unknown}
 g - a scroll of blinking {unknown}
 m - a scroll of identify {unknown}
 q - a scroll of teleportation {unknown}
 r - a scroll of noise {unknown}
 t - 2 scrolls of fear {unknown}
 u - a scroll of immolation {unknown}
Potions
 h - 2 potions of curing {unknown}
 i - 3 potions of degeneration {unknown}
 n - a potion of invisibility {unknown}
 o - a potion of attraction {unknown}
 p - a potion of lignification {unknown}
 s - a potion of ambrosia {unknown}


   Skills:
 + Level 4.1 Fighting
 + Level 3.4 Axes
 + Level 3.7 Armour
 + Level 3.7 Shields


You had 2 spell levels left.
You didn't know any spells.
Your spell library contained the following spells:

 Spells                   Type           Power      Damage    Failure   Level
 Cigotuvi's Dreadful Rot  Necr/Pois/Air  0%         N/A       94%         2
 Poisonous Vapours        Pois/Air       0%         N/A       94%         2
 Mephitic Cloud           Conj/Pois/Air  0%         N/A       99%         3


Dungeon Overview and Level Annotations

Branches:
Dungeon (2/15)

Altars:
Cheibriados

Annotations:
D:2 Crazy Yiuf


Message History

No reachable target in view!
Could not explore, unopened runed door.
No reachable target in view!
Could not explore, unopened runed door.
No reachable target in view!
Could not explore, unopened runed door.
No reachable target in view!
Could not explore, unopened runed door.
No reachable target in view!
Could not explore, unopened runed door.
You open the door. You slash Crazy Yiuf!
Crazy Yiuf is heavily wounded.
Crazy Yiuf hits you with a +3 quarterstaff of chaos.
You partially resist.
You feel drained.
You closely miss Crazy Yiuf.
Crazy Yiuf is heavily wounded.
Crazy Yiuf hits you with a +3 quarterstaff of chaos!
Crazy Yiuf burns you. You block Crazy Yiuf's attack.
You barely miss Crazy Yiuf.
Crazy Yiuf is heavily wounded.
You block Crazy Yiuf's attack.
You hit Crazy Yiuf but do no damage.
Crazy Yiuf is heavily wounded.
Crazy Yiuf hits you with a +3 quarterstaff of chaos.
You barely miss Crazy Yiuf.
Crazy Yiuf is heavily wounded.
Crazy Yiuf hits you with a +3 quarterstaff of chaos!
You feel yourself slow down. Crazy Yiuf closely misses you.
You hit Crazy Yiuf but do no damage.
Crazy Yiuf is heavily wounded.
Crazy Yiuf barely misses you. Crazy Yiuf closely misses you.
You closely miss Crazy Yiuf.
Crazy Yiuf is heavily wounded.
Crazy Yiuf hits you but does no damage.
Crazy Yiuf hits you with a +3 quarterstaff of chaos!
* * * LOW HITPOINT WARNING * * *
You are lethally poisoned!
You feel very mighty all of a sudden.
You die...

.#..#.....#.................##
....#......###########.......#
....#......# #.......#
....####..## ##### #.......#
..#.####..# #)..# #..†....#
..+.......# #...# #.......#
..#.##.##### ... #..##..##
..#........# #g# #..##..#
..#>##.....# #@## #..##..#
..#'##.....# ##.# #..##..###
...........# #.## #........#
...........# ##.# #........#
...........# ##.## #........#
...........# ##...# ######'#####
...........# #....# #..........(
...........# ##..## #...........
.##+##.....####....###...........


You could see Crazy Yiuf.

Vanquished Creatures
  4 ball pythons
  A bat (D:2)
  3 endoplasms
  2 giant cockroaches (D:2)
  4 goblins
  A hobgoblin (D:2)
  6 jackals (D:2)
  3 quokkas (D:1)
  2 frilled lizards (D:1)
  2 kobolds
  6 rats
34 creatures vanquished.

Notes
Turn   | Place    | Note
-------+----------+-------------------------------------------
     0 | D:1      | p00ps00p the Hill Orc Fighter began the quest for the Orb.
     0 | D:1      | Reached XP level 1. HP: 19/19 MP: 1/1
   279 | D:1      | Reached XP level 2. HP: 27/27 MP: 2/2
   432 | D:1      | Found a faded altar of an unknown god.
   770 | D:2      | Reached skill level 4 in Fighting
   780 | D:2      | Reached XP level 3. HP: 33/33 MP: 3/3
  1095 | D:2      | Found a runed translucent door.
  1096 | D:2      | Noticed Crazy Yiuf
  1146 | D:2      | Found a snail-covered altar of Cheibriados.
  1396 | D:2      | Succumbed to Crazy Yiuf's poison

Illustrated notes

Levels and vault maps discovered:
D:1:      dpeg_arrival_connections, layout_loops_ring,
          hellmonk_ecumenical_altar_arch_garden
D:2:      layout_basic, basic_altar, uniq_crazy_yiuf_cottage

Skill      XL: |  1  2 |
---------------+-------+-----
Axes           | 3 |  3.4
Fighting       | 4 |  4.1
Armour         | |  3.7
Shields        | |  3.7

Action                   || total
-------------------------++-------
Melee: War axe           ||    78
  Use: Potion            ||     1
Armor: Scale mail        ||    29
Dodge: Dodged            ||    26
Block: Buckler           ||    20

Table legend: (Time is in decaauts)
 A = Elapsed time spent in this place.
 B = Non-inter-level travel time spent in this place.
 C = Inter-level travel time spent in this place.
 D = Time resting spent in this place.
 E = Time spent auto-exploring this place.
 F = Levels seen in this place.
 G = Mean time per level.
                   A        B        C        D        E       F      G
               +--------+--------+--------+--------+--------+-----+--------+
         Total |   1425 |   1392 |     33 |      0 |   1156 |   2 |  712.5 |
       Dungeon |   1425 |   1392 |     33 |      0 |   1156 |   2 |  712.5 |
               +--------+--------+--------+--------+--------+-----+--------+

Top non-repeatable levels by time:
     D:1: 736 daAuts
     D:2: 688 daAuts
